 Dungeon Crawl Stone Soup version 0.18-a0-1628-g61c6396 (webtiles) character file.

112 dohliylev the Sneak (level 4, 0/33 HPs)
             Began as a Vampire Assassin on Mar 25, 2016.
             Was an Initiate of Dithmenos.
             Slain by a shadow imp (1 damage)
             ... summoned by Natasha
             ... on level 2 of the Dungeon.
             The game lasted 00:07:33 (1734 turns).

dohliylev the Sneak (Vampire Assassin)              Turns: 1734, Time: 00:07:35

Health: 0/33       AC:  3    Str: 10    XL:     4   Next: 64%
Magic:  4/4        EV: 13    Int: 13    God:    Dithmenos [......]
Gold:   51         SH:  0    Dex: 16    Spells: 0 memorised, 3 levels left

rFire  . . .     SeeInvis +     a - +2 dagger
rCold  + . .     Gourm    .     c - +0 robe
rNeg   + + .     Faith    .     (no shield)
rPois  +         Spirit   .     (no helmet)
rElec  .         Dismiss  .     d - +0 cloak
rCorr  .         Reflect  .     (no gloves)
SustAt .         Harm     .     (no boots)
MR     .....                    (no amulet)
Stlth  ++++......               (no ring)
                                (no ring)

@: regenerating slowly, slowed, very slow, not resistant to hostile
enchantments, stealthy
A: fangs 3, see invisible, unbreathing
a: Bat Form, Renounce Religion


You were on level 2 of the Dungeon.
You worshipped Dithmenos.
Dithmenos was noncommittal.
You were very thirsty.

You visited 1 branch of the dungeon, and saw 3 of its levels.

You collected 51 gold pieces.

Inventory:

Hand Weapons
 a - a +2 dagger (weapon)
 b - a +0 blowgun
Armour
 c - a +0 robe (worn)
 d - a +0 cloak (worn)
Scrolls
 h - 4 scrolls of identify {unknown}
 j - a scroll of remove curse {unknown}
 k - a scroll of teleportation {unknown}
Potions
 g - 15 potions of blood
 i - a potion of haste {unknown}


   Skills:
 + Level 2.1 Fighting
 * Level 3.1 Short Blades
 + Level 1.9 Throwing
 + Level 2.3 Dodging
 + Level 7.4 Stealth


You had 3 spell levels left.
You didn't know any spells.

Dungeon Overview and Level Annotations

Branches:
Dungeon (3/15)

Altars:
Dithmenos

Annotations:
D:2 Natasha, Robin, Sigmund


Innate Abilities, Weirdness & Mutations

You heal slowly.
You have razor-sharp teeth.
You have supernaturally acute eyesight.
You can survive without breathing.


Message History

You hit Natasha.
Natasha is severely wounded.
The shadow imp barely misses you. Natasha claws you!
You hit Natasha but do no damage.
Natasha is severely wounded.
The shadow imp barely misses you.
Natasha howls an incantation.
Natasha shimmers violently.
Natasha claws you! The shadow imp gestures at you.
Pain shoots through your body!
* * * LOW HITPOINT WARNING * * *
You hit Natasha. Your bite misses Natasha.
Natasha is almost dead.
Natasha casts a spell at you. The magic dart hits you!
* * * LOW HITPOINT WARNING * * *
The shadow imp puffs mist at you. The shadow imp hits you.
You die...

#.#####.##.#### #.....# #.#
#..#.# ####.....# #.#
##...###......>.# #.#
###.##...####.######.# #.#
###......### #..#.....# #.#
#...###.#### ##...# ##.#
##.........#######.#
#..####.#...h5#....##...####
#.......#...@................
#####)..#.....##.................
#......###.....#.....####......#.
...##..###..##?#.....# #........
...###..#..###.......# #######.#
....##.....##........# .#
.....................# #
..##.........##....###
.####..._...####....#


You could see Natasha and a shadow imp.

Vanquished Creatures
  Natasha (D:2)
  3 gnolls (D:2)
  2 worms
  2 dart slugs (D:1)
  A giant gecko (D:1)
  A ball python (D:1)
  3 bats
  5 giant cockroaches
  11 goblins
  8 hobgoblins
  A giant newt (D:1)
  4 kobolds
  3 rats
45 creatures vanquished.

Notes
Turn   | Place    | Note
--------------------------------------------------------------
     0 | D:1      | dohliylev the Vampire Assassin began the quest for the Orb.
     0 | D:1      | Reached XP level 1. HP: 16/16 MP: 1/1
    79 | D:1      | Reached skill level 6 in Stealth
   142 | D:1      | Reached XP level 2. HP: 22/22 MP: 2/2
   499 | D:1      | Reached XP level 3. HP: 22/27 MP: 3/3
   717 | D:1      | Reached skill level 7 in Stealth
   971 | D:2      | Reached XP level 4. HP: 23/33 MP: 4/4
  1010 | D:2      | Noticed Natasha
  1016 | D:2      | Noticed Robin
  1070 | D:2      | Found a shadowy altar of Dithmenos.
  1080 | D:2      | Became a worshipper of Dithmenos the Shadowed
  1103 | D:2      | Noticed Sigmund
  1142 | D:2      | HP: 1/33 [rat (1)]
  1532 | D:2      | Killed Natasha
  1724 | D:2      | Noticed Natasha
  1734 | D:2      | HP: 1/33 [Natasha/magic dart (5)]
  1734 | D:2      | Slain by a shadow imp

Vault maps used:
D:1:      lemuel_arrival_hallway, grunt_decor_clamped
D:2:      first_bread, nicolae_dithmenos_shadow_blocks, uniq_natasha,
          uniq_sigmund, uniq_robin
D:3:      ecumenical_altar_1, makhleb_altar_promises_db

Skill      XL: |  1  2  3  4 |
---------------+-------------+-----
Stealth        | 6 7 |  7.4
Fighting       | 2 |  2.1
Dodging        | 2 |  2.3
Short Blades   | 3 |  3.1
Throwing       | |  1.9

Action                   |  1- 3 |  4- 6 || total
-------------------------+-------+-------++-------
Melee: Dagger            |   106 |    28 ||   134
 Fire: Blowgun           |       |    11 ||    11
 Abil: End Transformatio |       |     1 ||     1
       Bat Form          |       |     1 ||     1
 Stab: Sleeping          |     9 |     3 ||    12
  Eat: Corpse            |       |     1 ||     1
